 Dungeon Crawl Stone Soup version 0.18.1-6-gd335043 (webtiles) character file.

486405 lightmor the Imperceptible (level 23, -8/103 HPs)
             Began as a Spriggan Enchanter on May 16, 2016.
             Was an Initiate of Gozag.
             Mangled by a vault guard
             ... wielding a +0 glaive
             ... led by a vault warden
              (21 damage)
             ... on level 5 of the Vaults on May 17, 2016.
             The game lasted 06:46:21 (89578 turns).

lightmor the Imperceptible (Spriggan Enchanter)    Turns: 89578, Time: 06:46:23

Health: -8/103     AC:  9    Str:  4    XL:     23   Next: 51%
Magic:  51/51      EV: 31    Int: 32    God:    Gozag
Gold:   2867       SH: 10    Dex: 17    Spells: 16 memorised, 6 levels left

rFire  . . .     SeeInvis +     a - +10 quick blade (venom)
rCold  . . .     Gourm    .     q - +1 robe of Grace {Int+2 Slay+2}
rNeg   . . .     Faith    .     j - +2 buckler {AC+3}
rPois  .         Spirit   .     (helmet restricted)
rElec  .         Dismiss  .     L - +2 cloak {+Inv}
rCorr  .         Reflect  .     (gloves unavailable)
SustAt .         Harm     .     (boots unavailable)
MR     +++++                    T - amulet of magic regeneration
Stlth  ++++++++++               X - +4 ring of intelligence
                                C - ring of protection from magic

@: deflect missiles, very quick, almost entirely resistant to hostile
enchantments, uncannily stealthy
A: unfitting armour, see invisible, herbivore 3, speed 3, frail 1, magic
resistance 1, slow metabolism 2, evolution 1
a: Potion Petition, Call Merchant, Bribe Branch, Renounce Religion, Evoke
Invisibility
}: 3/15 runes: decaying, silver, gossamer


You were on level 5 of the Vaults.
You worshipped Gozag.
Gozag was noncommittal.
You were not hungry.

You visited 10 branches of the dungeon, and saw 45 of its levels.
You also visited: Trove and Sewer.

You collected 24078 gold pieces.
You spent 10769 gold pieces at shops.
You paid 10442 gold pieces to Gozag.

Inventory:

Hand Weapons
 a - a +10 quick blade of venom (weapon)
Armour
 j - a +2 buckler of protection (worn)
 q - the +1 robe of Grace (worn) {Int+2 Slay+2}
   (You bought it in a shop on level 9 of the Dungeon)

   It affects your intelligence (+2).
   It affects your accuracy and damage with ranged weapons and melee attacks
   (+2).
 L - a +2 cloak of invisibility (worn)
Rods
 b - a +1 rod of shadows (13/13)
   (You found it on level 6 of the Dungeon)
Jewellery
 g - an uncursed ring of protection from fire
 h - a cursed ring of magical power {unknown}
 C - a ring of protection from magic (left hand)
 F - an uncursed ring of protection from fire
 J - an uncursed ring of resist corrosion
 R - an uncursed ring of positive energy
 T - an amulet of magic regeneration (around neck)
 U - an uncursed ring of protection from magic
 X - a +4 ring of intelligence (right hand)
 Y - an uncursed ring of poison resistance
Wands
 c - a wand of flame (21/48)
 m - a wand of heal wounds (6/9)
 n - a wand of acid (6/15)
 o - a wand of enslavement (8/24)
 D - a wand of confusion (23/48)
 E - a wand of iceblast (9/15)
 P - a wand of confusion (15/48)
 S - a wand of polymorph (13/24)
Scrolls
 i - 26 scrolls of remove curse
 y - 9 scrolls of fear
 z - a scroll of enchant armour
 A - 4 scrolls of magic mapping
 B - 5 scrolls of silence
 G - 8 scrolls of fog
 H - 3 scrolls of teleportation
 N - 4 scrolls of summoning
 O - 3 scrolls of recharging
 Q - 4 scrolls of holy word
 V - 3 scrolls of amnesia
 W - 10 scrolls of identify
Potions
 e - a potion of agility
 k - 2 potions of heal wounds
 l - 5 potions of brilliance
 r - 2 potions of ambrosia
 t - 3 potions of magic
 u - 8 potions of lignification
 v - 20 potions of curing
 w - 8 potions of flight
 x - a potion of might
 I - 3 potions of berserk rage
Miscellaneous
 f - a phial of floods
 K - a box of beasts {used: 6}
 M - a fan of gales
 Z - a lamp of fire
Comestibles
 d - 14 bread rations


   Skills:
 - Level 10.0 Fighting
 - Level 8.3 Short Blades
 - Level 22.5 Dodging
 + Level 26.3 Stealth
 - Level 7.2 Shields
 * Level 23.5 Spellcasting
 - Level 20.0 Hexes
 - Level 15.0 Charms
 * Level 14.9 Translocations
 - Level 5.0 Ice Magic
 - Level 10.0 Evocations


You had 6 spell levels left.
You knew the following spells:

 Your Spells              Type           Power        Failure   Level  Hunger
a - Corona                Hex            #######      0%          1    None
b - Ensorcelled Hibernat  Hex/Ice        ######       0%          2    None
c - Confuse               Hex            ########     0%          3    None
d - Tukima's Dance        Hex            ########     0%          3    None
e - Dazzling Spray        Conj/Hex       #######.     1%          3    None
f - Confusing Touch       Hex            ######       0%          2    None
g - Gell's Gravitas       Hex/Tloc       #######...   0%          3    None
h - Deflect Missiles      Chrm/Air       ######....   8%          6    None
i - Cause Fear            Hex            ########..   0%          4    None
j - Apportation           Tloc           #######...   0%          1    None
k - Blink                 Tloc           N/A          0%          2    None
l - Discord               Hex            ########..   1%          8    ###....
m - Warp Weapon           Chrm/Tloc      #######...   1%          5    None
n - Darkness              Hex            ########..   1%          6    None
o - Invisibility          Hex            ########     1%          6    None
p - Controlled Blink      Tloc           N/A          14%         8    ###....


Dungeon Overview and Level Annotations

Branches:
Dungeon (15/15)            Temple (1/1) D:7            Lair (8/8) D:9
  Swamp (4/4) Lair:5       Spider (4/4) Lair:5        Slime (1/6) Lair:7
    Orc (2/2) D:9             Elf (2/3) Orc:2        Vaults (5/5) D:14
  Crypt (0/3) Vaults:2     Depths (3/5) D:15

Altars:
Ashenzari
Dithmenos
Elyvilon
Fedhas
Gozag
Kikubaaqudgha
Makhleb
Nemelex Xobeh
Okawaru
Pakellas
Qazlal
Ru
Sif Muna
Trog
Vehumet
Xom
Yredelemnul
The Shining One

Shops:
D:4 }   D:9 [(([:}   D:10 *   D:14 :   Orc:2 [[?[   Elf:2 (!:   Vaults:1 }
Vaults:2 !   Vaults:4 *   Depths:3 }!![

Portals:
Hell: Depths:1 Depths:2 Depths:3
Abyss: Depths:3
Pandemonium: Depths:1 Depths:2 Depths:3

Annotations:
D:8 exclusion: statue
D:11 exclusions: obsidian statue and orange crystal statue
Lair:6 exclusion: 2 oklob plants
Swamp:2 Aizul
Spider:1 exclusion: Roxanne, Roxanne


Innate Abilities, Weirdness & Mutations

You are tiny and cannot use many weapons and most armour.
You have supernaturally acute eyesight.
You are a herbivore.
You cover ground extremely quickly.
You need consume almost no food.
You are frail (-10% HP).
You are resistant to hostile enchantments.
You evolve.


Message History

a chain mail; a long sword The vault sentinel shouts!
The vault sentinel casts a spell at you.
You resist with almost no effort.
The vault guard shouts!
You see here 5 gold pieces.
You see here 25 gold pieces.
There is a stone staircase leading up here.
The fire giant shouts!
The fire giant points at you and mumbles some strange words.
The bolt of fire misses you.
The vault sentinel blows a loud note on a signal horn!
The vault guard completely misses you. The fire giant casts a spell at you.
The fireball explodes!
The fireball engulfs you!
* * * LOW HITPOINT WARNING * * *
You hear a shout!
The vault guard hits you from afar with a glaive!!
You die...
Your body crumbles into a pile of gold.

**,,,,,#.....#....#......#*,,,,,,
*,,,,,#.....#....#.......****#.#
*,,,,,#.....#....#......,,,,,...
*,,,,,#.......[[......#*,,,,,...
*****#######..[$[)X.#############
,,,,,..p....pC....[...........$..
,,,,,.....p...$<<.($.$?..........
,,,,,......$.$p$.<[...$.......X.(
,,,,,.......$..<@..[.............
############.(.$$...#############
...........).$[.[$..#* *,,,,,,**
....##....##(#..[.#..#**,,,,*,,**
....###$[###(#....#...#*,,,**,,,*
###..######..#....#....#,,***,,,,
,,#..)# #$..#.$..#......****,,,.
,,#..[# #.$)#....#####...,,,***#
'##..######(.#....# **,.#.,,,***$


You could see a tentacled monstrosity, a fire giant, 2 vault guards and a vault
sentinel.

Vanquished Creatures
  Mara (Vaults:2)
  Sojobo (Vaults:3)
  2 caustic shrikes (Depths:3)
  Norris (Elf:2)
  A golden dragon (Depths:3)
  Saint Roka (Vaults:1)
  Jory (Vaults:2)
  Jorgrun (Swamp:3)
  A lich (Depths:3)
  2 tentacled monstrosities (Vaults:4)
  A deep elf blademaster (Elf:2)
  6 sphinxes
  2 storm dragons (Vaults:4)
  3 thorn hunters
  2 shadow dragons
  5 tengu reavers
  Wiglaf (Vaults:3)
  12 fire giants
  4 frost giants
  Donald (Vaults:3)
  6 deep elf sorcerers
  6 ghost moths
  5 emperor scorpions
  13 vault wardens
  The ghost of deorigin the Spawn of Chaos, a journeyman DsGl of Makhleb (D:14)
  An orc warlord (Orc:1)
  12 ironheart preservers
  8 very ugly things
  The ghost of Uhlv the Grappler, a journeyman TrMo of Okawaru (Lair:4)
  19 stone giants
  2 war gargoyles (Vaults:5)
  Azrael (D:14)
  The ghost of inmateoo the Apprentice, a journeyman SpAs of Pakellas (Spider:2)
  A salamander stormcaller (Vaults:4)
  A deep elf demonologist (Elf:1)
  A deep elf annihilator (Elf:2)
  Snorg (Lair:6)
  5 deep elf death magi
  8 ettins
  6 spark wasps
  12 vault guards
  A merfolk javelineer (Depths:1)
  2 jiangshi (Depths:2)
  7 fire dragons
  2 merfolk impalers (Depths:1)
  8 entropy weavers
  13 yaktaur captains
  6 great orbs of eyes
  A deep elf high priest (Vaults:5)
  2 rakshasas (Depths:2)
  23 hydras
  Fannar (Orc:1)
  A caustic shrike simulacrum (Depths:3)
  A spriggan air mage (Depths:3)
  11 centaur warriors
  7 death knights
  8 ice dragons
  13 ogre magi
  5 alligators
  An anaconda (shapeshifter) (Elf:1)
  5 death yaks
  Erica (Orc:1)
  2 dancing weapons
  7 deep troll shamans
  7 deep troll earth magi
  A spriggan berserker (Swamp:2)
  A tengu warrior (Depths:1)
  A titan zombie (Vaults:4)
  2 vampire magi (Depths:2)
  Urug (Orc:1)
  8 spriggans
  18 deep elf knights
  2 titan skeletons (Depths:3)
  A shock serpent (shapeshifter) (Vaults:5)
  5 hell knights
  A fire crab (shapeshifter) (Vaults:3)
  Nergalle (Depths:2)
  A fire crab (Vaults:3)
  2 unseen horrors (D:12)
  8 skeletal warriors
  A giant orange brain (Vaults:3)
  A shadow wraith (Vaults:3)
  27 deep trolls
  11 swamp dragons
  5 flayed ghosts
  3 spriggan druids
  8 ironbrand convokers
  12 hill giants
  7 orc knights
  4 phantasmal warriors
  A tengu zombie (Vaults:4)
  3 shambling mangroves
  5 wizards
  15 deep elf archers
  22 harpies
  35 wolf spiders
  5 necromancers
  55 deep elf magi
  12 hornets
  21 orb spiders
  A shadow dragon skeleton (Vaults:5)
  A fire giant zombie (Vaults:4)
  39 ugly things
  8 griffons
  5 orc sorcerers
  A shining eye (shapeshifter) (Depths:3)
  A faun (shapeshifter) (Vaults:2)
  An elephant (shapeshifter) (D:15)
  14 cyclopes
  A manticore (D:14)
  A tengu skeleton (Depths:3)
  14 vault sentinels
  An octopode (shapeshifter) (D:15)
  An iron dragon skeleton (Depths:3)
  A fire giant skeleton (Vaults:5)
  A frost giant skeleton (Vaults:4)
  A black mamba (shapeshifter) (Vaults:3)
  19 elephants
  6 black mambas
  30 spiny frogs
  2 torpor snails (shapeshifter) (Vaults:5)
  4 gargoyles
  2 torpor snails
  A rust devil (Depths:2)
  4 centaur skeletons
  A spiny frog (shapeshifter) (Vaults:4)
  A yaktaur zombie (Vaults:5)
  2 human zombies (Vaults:4)
  4 rime drakes
  The ghost of deorigin the Skirmisher, a novice GrFi of Makhleb (D:6)
  7 freezing wraiths
  A komodo dragon (shapeshifter) (Vaults:3)
  A yaktaur (shapeshifter) (Vaults:3)
  2 kobold demonologists
  15 demonic crawlers
  A rime drake (shapeshifter) (Vaults:1)
  10 komodo dragons
  54 yaktaurs
  A tengu conjurer (Depths:2)
  16 trolls
  37 jumping spiders
  Grinder (D:6)
  3 giant leeches
  A boulder beetle (shapeshifter) (D:15)
  A queen bee (D:10)
  A wind drake (shapeshifter) (Vaults:5)
  11 bog bodies
  22 blink frogs
  21 two-headed ogres
  53 slime creatures
  7 boulder beetles
  A fire giant simulacrum (Vaults:4)
  5 air elementals
  An ettin zombie (Vaults:5)
  81 redbacks
  8 wyverns
  A redback (shapeshifter) (D:15)
  A yak (shapeshifter) (Vaults:4)
  2 shadows
  53 tarantellas
  11 wraiths
  14 water elementals
  55 yaks
  A basilisk (D:13)
  3 fire elementals
  12 hippogriffs
  2 hungry ghosts
  A basilisk (shapeshifter) (Vaults:4)
  32 vampire mosquitoes
  3 wargs
  A human simulacrum (Vaults:3)
  2 mottled dragons
  A naga (shapeshifter) (D:10)
  15 swamp worms
  A soldier ant (shapeshifter) (D:14)
  16 water moccasins
  7 hell hounds (D:14)
  5 sky beasts
  A hell hound (shapeshifter) (Depths:3)
  9 swamp drakes
  12 porcupines
  6 necrophages
  44 orc warriors
  15 wasps
  7 phantoms
  3 ice beasts
  48 ogres
  15 centaurs
  A boggart (Vaults:4)
  8 crocodiles
  Blork the orc (D:4)
  A big kobold (Sewer)
  26 giant frogs
  2 human skeletons
  7 earth elementals
  2 wyvern zombies
  A wyvern skeleton (D:7)
  5 scorpions
  37 killer bees
  5 wights (D:9)
  8 howler monkeys
  13 electric eels
  7 crimson imps
  A wasp zombie (D:12)
  9 centaur zombies
  2 giant frog zombies
  An iron imp (Depths:1)
  6 hounds
  5 jellies
  Crazy Yiuf (D:2)
  A giant frog skeleton (D:11)
  29 orc priests
  31 orc wizards
  9 iguanas
  Ijyb (D:2)
  4 hell rats
  12 worker ants
  24 sheep
  A howler monkey zombie (D:8)
  6 adders
  3 gnolls (D:7)
  58 river rats
  6 shadow imps
  7 oozes
  An adder skeleton (D:8)
  7 worms
  A dart slug (D:3)
  2 giant geckos
  111 orcs
  A ball python (D:3)
  6 giant cockroaches
  6 hobgoblins
  20 jackals
  11 kobolds
  8 quokkas
  2 bats (D:1)
  5 giant newts
  7 goblins
  11 rats
  A spectral orc (D:6)
  2 plants
2074 creatures vanquished.

Vanquished Creatures (collateral kills)
  Margery (Vaults:5)
  Frederick (Vaults:2)
  A golden dragon (Depths:3)
  2 liches (Depths:3)
  Asterion (Vaults:1)
  2 vault wardens (Vaults:1)
  5 ironheart preservers
  A war gargoyle (Vaults:5)
  2 yaktaur captains
  12 vault guards
  3 ogre magi
  2 great orbs of eyes
  A rakshasa (Vaults:2)
  A dancing weapon (Elf:1)
  6 hell knights
  A spriggan (Swamp:3)
  A shadow wraith (Vaults:5)
  2 skeletal warriors
  A flayed ghost (Vaults:3)
  3 ironbrand convokers
  7 orc knights
  A deep elf archer (Elf:1)
  A deep elf mage (Elf:1)
  A hornet (Spider:4)
  A troll (Vaults:1)
  6 two-headed ogres
  2 redbacks
  7 orc warriors
  3 wasps
  5 ogres
  A boggart (Vaults:1)
  An orc wizard (Vaults:4)
  6 orcs
91 creatures vanquished.

Vanquished Creatures (others)
  A fire giant (Depths:2)
  A deep elf death mage (Vaults:1)
  7 vault guards (Vaults:5)
  33 dancing weapons
  A deep elf knight (Elf:1)
  An unseen horror (shapeshifter) (Depths:1)
  A deep elf mage (Elf:1)
  An eye of draining (D:14)
  An ogre (Vaults:4)
  A jelly (D:11)
  An orc (Vaults:1)
  2 briar patches (Swamp:4)
  4 fungi
  24 plants
79 creatures vanquished.

Grand Total: 2244 creatures vanquished

Notes
Turn   | Place    | Note
--------------------------------------------------------------
     0 | D:1      | lightmor the Spriggan Enchanter began the quest for the Orb.
     0 | D:1      | Reached XP level 1. HP: 9/9 MP: 5/5
   250 | D:1      | Reached XP level 2. HP: 13/13 MP: 7/7
   316 | D:1      | Learned a level 2 spell: Ensorcelled Hibernation
   931 | D:2      | Noticed Ijyb
  1360 | D:2      | Reached skill level 5 in Stealth
  1444 | D:2      | Found a stormy altar of Qazlal.
  1640 | D:2      | Noticed Crazy Yiuf
  1644 | D:2      | Killed Crazy Yiuf
  1644 | D:2      | Reached XP level 3. HP: 15/16 MP: 7/9
  1649 | D:2      | Learned a level 3 spell: Confuse
  1653 | D:2      | Learned a level 3 spell: Tukima's Dance
  1913 | D:2      | Reached XP level 4. HP: 17/21 MP: 6/11
  1947 | D:2      | Killed Ijyb
  2105 | D:3      | Reached skill level 5 in Spellcasting
  2390 | D:3      | Found a shimmering altar of Xom.
  2393 | D:3      | Found a sacrificial altar of Ru.
  2393 | D:3      | Found a burning altar of Makhleb.
  2406 | D:3      | Reached skill level 6 in Stealth
  2436 | D:3      | Reached XP level 5. HP: 14/24 MP: 2/14
  2598 | D:3      | Learned a level 3 spell: Dazzling Spray
  3229 | D:3      | Found a deep blue altar of Sif Muna.
  3233 | D:3      | Found a shattered altar of Ashenzari.
  3670 | D:4      | Found Cifeul's Gadget Emporium.
  3839 | D:4      | Noticed Blork the orc
  3852 | D:4      | Killed Blork the orc
  3852 | D:4      | Reached skill level 7 in Stealth
  3852 | D:4      | Reached XP level 6. HP: 27/28 MP: 1/16
  4040 | D:4      | Found a sacrificial altar of Ru.
  4054 | D:4      | Found a bloodstained altar of Trog.
  4388 | D:4      | Found an iron altar of Okawaru.
  4669 | D:4      | Reached skill level 8 in Stealth
  4669 | D:4      | Reached XP level 7. HP: 32/32 MP: 0/19
  5051 | D:5      | Entered Level 5 of the Dungeon
  5223 | D:5      | Found a glowing drain.
  5226 | D:5      | Reached skill level 1 in Ice Magic
  5230 | Sewer    | Entered a sewer
  5522 | Sewer    | Found a white marble altar of Elyvilon.
  5815 | D:5      | Reached skill level 5 in Hexes
  5865 | D:5      | Reached skill level 9 in Stealth
  6080 | D:5      | Reached XP level 8. HP: 29/36 MP: 12/20
  6668 | D:6      | Found a basalt altar of Yredelemnul.
  7228 | D:6      | Reached skill level 10 in Stealth
  7336 | D:6      | Noticed Grinder
  7355 | D:6      | Killed Grinder
  7666 | D:6      | Found an oddly glowing altar of Pakellas.
  7684 | D:6      | Reached XP level 9. HP: 37/39 MP: 17/21
  7756 | D:6      | Reached skill level 11 in Stealth
  7869 | D:6      | Identified a +1 rod of shadows (13/13) (You found it on level 6 of the Dungeon)
  7949 | D:6      | Noticed deorigin's ghost (novice GrFi)
  7989 | D:6      | Killed deorigin's ghost
  8266 | D:7      | Found a staircase to the Ecumenical Temple.
  8300 | D:7      | Reached skill level 10 in Hexes
  8312 | Temple   | Entered the Ecumenical Temple
  8452 | Temple   | Became a worshipper of Gozag Ym Sagoz the Greedy
  8664 | D:7      | Reached skill level 12 in Stealth
  9473 | D:8      | Found a radiant altar of Vehumet.
 10012 | D:8      | Reached XP level 10. HP: 36/44 MP: 19/22
 10682 | D:9      | Found a staircase to the Orcish Mines.
 10683 | D:9      | Found Pyqexzef's Weapon Shoppe.
 10694 | D:9      | Reached skill level 1 in Fighting
 10696 | D:9      | Reached skill level 13 in Stealth
 10779 | D:8      | Reached skill level 5 in Dodging
 11103 | D:9      | Found a staircase to the Lair.
 11476 | D:9      | Found Poohantysm's Gadget Boutique.
 11554 | D:9      | Learned a level 2 spell: Confusing Touch
 11558 | D:9      | Learned a level 3 spell: Gell's Gravitas
 11749 | Lair:1   | Entered Level 1 of the Lair of Beasts
 12040 | Lair:1   | Noticed a spiny frog
 12046 | Lair:1   | Killed a spiny frog
 12232 | Lair:1   | Noticed a spiny frog
 12238 | Lair:1   | Killed a spiny frog
 12238 | Lair:1   | Reached XP level 11. HP: 52/52 MP: 23/23
 12553 | Lair:2   | Noticed a griffon
 12564 | Lair:2   | Killed a griffon
 12794 | Lair:2   | Reached skill level 14 in Stealth
 13710 | Lair:3   | Noticed a death yak
 13717 | Lair:3   | Noticed a five-headed hydra
 13748 | Lair:3   | Killed a five-headed hydra
 13748 | Lair:3   | Reached skill level 5 in Short Blades
 13748 | Lair:3   | Reached skill level 10 in Dodging
 14057 | Lair:3   | Noticed a death yak
 14518 | Lair:3   | Noticed a death yak
 14526 | Lair:3   | Noticed a death yak
 14527 | Lair:3   | Noticed a death yak
 14579 | Lair:2   | Killed a death yak
 15162 | D:10     | Entered Level 10 of the Dungeon
 15559 | D:10     | Reached XP level 12. HP: 58/58 MP: 13/24
 15782 | D:10     | Found a portal to a secret trove of treasure.
 16052 | D:10     | Reached skill level 15 in Stealth
 16295 | D:10     | Bought a scroll labeled CIYXKU KUOTWI for 32 gold pieces
 16295 | D:10     | Bought a potion of heal wounds for 160 gold pieces
 16295 | D:10     | Bought a tapered fluorescent wand for 128 gold pieces
 16733 | D:11     | Reached skill level 5 in Fighting
 18176 | D:12     | Got an opalescent robe
 18187 | D:12     | Identified the +0 robe "Ceriress" {rF+ MR- Dex+4} (You found it on level 12 of the Dungeon)
 18285 | D:12     | Noticed a six-headed hydra
 18292 | D:12     | Killed a six-headed hydra
 18458 | D:12     | Noticed a centaur warrior
 18464 | D:12     | Killed a centaur warrior
 19001 | D:12     | Reached skill level 16 in Stealth
 19167 | D:12     | Reached XP level 13. HP: 38/65 MP: 20/25
 19394 | D:12     | Identified a scroll of acquirement
 19484 | Orc:1    | Entered Level 1 of the Orcish Mines
 19609 | Orc:1    | Noticed an orc warlord
 19852 | Orc:1    | Killed an orc warlord
 20017 | Orc:1    | Noticed Erica
 20062 | Orc:1    | Killed Erica
 20238 | Orc:1    | Noticed Urug
 20239 | Orc:1    | Noticed Fannar
 20285 | Orc:1    | Found a deep blue altar of Sif Muna.
 20345 | Orc:1    | Killed Urug
 20630 | Orc:1    | Killed Fannar
 21037 | Orc:2    | Entered Level 2 of the Orcish Mines
 21267 | Orc:2    | Found Budust's Armour Emporium.
 21268 | Orc:2    | Found Wotaypnu's Armour Shop.
 21272 | Orc:2    | Found Ippao's Armour Shop.
 21555 | Orc:2    | Found a staircase to the Elven Halls.
 21764 | Orc:2    | Reached skill level 15 in Dodging
 21788 | Orc:2    | Learned a level 6 spell: Deflect Missiles
 22028 | Orc:2    | Reached skill level 1 in Charms
 22902 | Orc:2    | Found Esesaluz's Magic Scroll Boutique.
 23339 | Orc:2    | Bought a scroll of fear for 45 gold pieces
 23339 | Orc:2    | Bought a scroll of identify for 26 gold pieces
 23339 | Orc:2    | Bought a scroll of identify for 26 gold pieces
 23339 | Orc:2    | Bought a scroll of blinking for 97 gold pieces
 23339 | Orc:2    | Bought a scroll of identify for 26 gold pieces
 23339 | Orc:2    | Bought a scroll of fear for 45 gold pieces
 23339 | Orc:2    | Bought a scroll of acquirement for 676 gold pieces
 23719 | Orc:2    | Found a bloodstained altar of Trog.
 23738 | D:9      | Bought a manual of Ice Magic for 1214 gold pieces
 24198 | Lair:3   | Reached skill level 5 in Charms
 24198 | Lair:3   | Reached skill level 1 in Evocations
 24257 | Lair:3   | Reached skill level 17 in Stealth
 24584 | Lair:3   | Reached XP level 14. HP: 72/72 MP: 1/27
 25216 | Lair:4   | Noticed Uhlv's ghost (journeyman TrMo)
 25267 | Lair:4   | Killed Uhlv's ghost
 25537 | Lair:4   | You fall through a shaft for 2 floors!
 25840 | Lair:6   | Noticed Snorg
 25852 | Lair:6   | Killed Snorg
 25897 | Lair:6   | Reached skill level 5 in Ice Magic
 27279 | Lair:5   | Found a hole to the Spider Nest.
 27288 | Lair:5   | Found a staircase to the Swamp.
 28553 | Lair:5   | Reached skill level 15 in Hexes
 29169 | Lair:7   | Found a staircase to the Slime Pits.
 29245 | Lair:7   | Reached skill level 5 in Evocations
 29508 | Lair:7   | Reached skill level 10 in Charms
 30826 | Lair:8   | Entered Level 8 of the Lair of Beasts
 30941 | Lair:7   | Found a runed door.
 31088 | Lair:7   | Reached XP level 15. HP: 77/77 MP: 22/29
 31383 | Lair:8   | Reached skill level 18 in Stealth
 31526 | Lair:8   | Found a sacrificial altar of Ru.
 32775 | D:13     | Reached skill level 10 in Spellcasting
 32901 | D:13     | Found a bloodstained altar of Trog.
 33032 | D:13     | Learned a level 4 spell: Cause Fear
 33381 | D:13     | Got a bloodstained cloak
 33421 | D:13     | Identified the cursed -3 cloak "Odirghemn" {rPois} (You found it on level 13 of the Dungeon)
 33813 | D:14     | Noticed deorigin's ghost (journeyman DsGl)
 34992 | D:14     | Found a gate to the Vaults.
 35242 | D:14     | Noticed Azrael
 35255 | D:14     | Killed Azrael
 35324 | D:14     | Killed deorigin's ghost
 35787 | D:15     | Entered Level 15 of the Dungeon
 36446 | D:15     | Found a deep blue altar of Sif Muna.
 36869 | D:15     | Reached skill level 19 in Stealth
 36904 | D:15     | Reached XP level 16. HP: 84/84 MP: 0/31
 37823 | D:15     | Found a staircase to the Depths.
 38312 | D:9      | Bought a runed cloak for 112 gold pieces
 38327 | D:9      | Bought a smoking robe for 199 gold pieces
 38337 | D:9      | Identified the +1 robe of Grace {Int+2 Slay+2} (You bought it in a shop on level 9 of the Dungeon)
 38392 | D:9      | Bought the Compendium of the Mutagenic Voyage for 687 gold pieces
 38396 | D:9      | Learned a level 1 spell: Apportation
 38399 | D:9      | Learned a level 2 spell: Blink
 38468 | Swamp:1  | Entered Level 1 of the Swamp
 38517 | Swamp:1  | Found an iron altar of Okawaru.
 38591 | Swamp:1  | Reached skill level 1 in Translocations
 38791 | Swamp:1  | Noticed a thorn hunter
 38817 | Swamp:1  | Killed a thorn hunter
 39023 | Swamp:1  | Noticed a thorn hunter
 39436 | Swamp:1  | Killed a thorn hunter
 39436 | Swamp:1  | Reached skill level 15 in Charms
 40042 | Swamp:2  | Reached skill level 10 in Evocations
 42570 | Swamp:3  | Noticed Jorgrun
 42573 | Swamp:3  | Killed Jorgrun
 42573 | Swamp:3  | Reached skill level 5 in Translocations
 42643 | Swamp:3  | Noticed Aizul
 43118 | Swamp:3  | Noticed a thorn hunter
 43167 | Swamp:4  | Entered Level 4 of the Swamp
 43171 | Swamp:4  | Reached skill level 10 in Fighting
 44476 | Swamp:4  | Noticed a thorn hunter
 44506 | Swamp:3  | Killed a thorn hunter
 45116 | Swamp:3  | Reached skill level 20 in Stealth
 45116 | Swamp:3  | Reached XP level 17. HP: 54/89 MP: 18/33
 46168 | Swamp:4  | Got a decaying rune of Zot
 47530 | D:9      | Learned a level 8 spell: Discord
 47713 | Spider:1 | Entered Level 1 of the Spider Nest
 47817 | Spider:1 | Reached skill level 1 in Shields
 48710 | Spider:1 | Noticed Roxanne
 49310 | Spider:2 | Reached skill level 5 in Shields
 49601 | Spider:2 | Noticed inmateoo's ghost (journeyman SpAs)
 50113 | Spider:2 | Killed inmateoo's ghost
 52986 | Spider:4 | Entered Level 4 of the Spider Nest
 53616 | Spider:4 | Reached XP level 18. HP: 93/93 MP: 20/35
 55781 | Spider:4 | Reached skill level 21 in Stealth
 56348 | Spider:4 | Got a gossamer rune of Zot
 56687 | Vaults:1 | Entered Level 1 of the Vaults
 57123 | D:14     | Bought a manual of Dodging for 1545 gold pieces
 57123 | D:14     | Bought a book of the Warp for 1260 gold pieces
 57135 | D:14     | Learned a level 5 spell: Warp Weapon
 57554 | Vaults:1 | Noticed Saint Roka
 59528 | Vaults:1 | Reached XP level 19. HP: 93/98 MP: 26/38
 59732 | Vaults:1 | Noticed Asterion
 59811 | Vaults:1 | Killed Asterion
 59811 | Vaults:1 | Reached skill level 15 in Spellcasting
 60168 | Vaults:1 | Killed Saint Roka
 60513 | Vaults:1 | Found Eleal's Gadget Boutique.
 60947 | Vaults:2 | Noticed Jory
 60967 | Vaults:2 | Noticed Mara
 60975 | Vaults:2 | Noticed lightmor's illusion
 61461 | Vaults:2 | Found Qozyhai's Distillery.
 61477 | Vaults:2 | Bought a potion of heal wounds for 105 gold pieces
 61477 | Vaults:2 | Bought a potion of curing for 63 gold pieces
 61567 | Vaults:2 | Noticed lightmor's illusion
 61895 | Vaults:2 | Killed Mara
 62112 | Vaults:2 | Reached skill level 22 in Stealth
 62271 | Vaults:2 | Noticed Frederick
 62296 | Vaults:2 | Killed Frederick
 62901 | Vaults:2 | Found a staircase to the Crypt.
 62901 | Vaults:2 | Found an ancient bone altar of Kikubaaqudgha.
 63052 | Vaults:2 | Found a basalt altar of Yredelemnul.
 63514 | Vaults:3 | Noticed Wiglaf
 63521 | Vaults:3 | Killed Wiglaf
 63941 | Vaults:3 | Noticed Donald
 63948 | Vaults:3 | Killed Donald
 63955 | Vaults:3 | Noticed Sojobo
 65102 | Vaults:3 | Reached XP level 20. HP: 88/102 MP: 38/41
 67566 | Vaults:4 | Found Oginacox's General Store.
 68830 | Slime:1  | Entered Level 1 of the Pits of Slime
 69003 | Elf:1    | Entered Level 1 of the Elven Halls
 69365 | Elf:1    | Found a radiant altar of Vehumet.
 69743 | Elf:1    | Identified Qaqosotz's Handbook of Conjuration (You found it on level 1 of the Elven Halls)
 70047 | Elf:1    | Reached skill level 23 in Stealth
 71330 | Elf:2    | Reached XP level 21. HP: 65/107 MP: 6/44
 71603 | Elf:2    | Found a runed gate.
 71603 | Elf:2    | Found a runed gate.
 71604 | Elf:2    | Found a runed gate.
 71968 | Elf:2    | Noticed Norris
 72011 | Elf:2    | Killed Norris
 74023 | Elf:2    | Bought a book of Burglary for 1275 gold pieces
 74030 | Elf:2    | Learned a level 6 spell: Darkness
 74037 | Elf:2    | Learned a level 6 spell: Invisibility
 74148 | Elf:2    | Bought a potion of agility for 76 gold pieces
 74150 | Elf:2    | Bought a slimy dagger for 238 gold pieces
 74150 | Elf:2    | Bought a crude dagger for 238 gold pieces
 74152 | Elf:2    | Identified the cursed +3 dagger of Governance {pierce, +Fly} (You bought it in a shop on level 2 of the Elven Halls)
 74155 | Elf:2    | Identified the +6 dagger "Imp's Undoing" {antimagic, *Confuse Str+3} (You bought it in a shop on level 2 of the Elven Halls)
 74517 | Vaults:5 | Entered Level 5 of the Vaults
 74574 | Vaults:5 | Noticed an ancient lich
 74869 | Vaults:5 | Noticed Margery
 74912 | Vaults:5 | Killed Margery
 75321 | Vaults:5 | Got a silver rune of Zot
 75361 | Vaults:5 | Reached skill level 24 in Stealth
 75887 | Depths:1 | Entered Level 1 of the Depths
 77254 | Depths:1 | Gained mutation: You are frail (-10% HP). [mutagenic glow]
 77357 | Depths:1 | Found a one-way gate leading to the halls of Pandemonium.
 77568 | Depths:1 | Found a gateway to Hell.
 78215 | Depths:2 | Reached skill level 10 in Translocations
 78257 | Depths:2 | You fall through a shaft!
 78687 | Depths:2 | Noticed Nergalle
 78692 | Depths:2 | Killed Nergalle
 79159 | Depths:2 | Reached XP level 22. HP: 75/99 MP: 36/47
 80753 | Depths:3 | Reached skill level 25 in Stealth
 80940 | Depths:3 | Noticed a caustic shrike
 80945 | Depths:3 | Killed a caustic shrike
 80973 | Depths:3 | Noticed a golden dragon
 80977 | Depths:3 | Killed a golden dragon
 81004 | Depths:3 | Noticed a caustic shrike
 81019 | Depths:3 | Killed a caustic shrike
 81122 | Depths:3 | Noticed a golden dragon
 81123 | Depths:3 | Found Paekid's Distillery.
 81124 | Depths:3 | Found Mesen's Gadget Shop.
 81124 | Depths:3 | Found Faylu's Distillery.
 81126 | Depths:3 | Found Sugh's Armour Shop.
 81126 | Depths:3 | Noticed a caustic shrike
 81276 | Depths:3 | Noticed a golden dragon
 81811 | Depths:3 | Found a one-way gate to the infinite horrors of the Abyss.
 81868 | Depths:3 | Learned a level 8 spell: Controlled Blink
 81975 | Depths:3 | Noticed an ancient lich
 82796 | Depths:3 | Gained mutation: Your body sometimes deteriorates upon taking damage. [a shining eye]
 82990 | Depths:3 | Killed a golden dragon
 83245 | Depths:3 | Bought a potion of heal wounds for 120 gold pieces
 83245 | Depths:3 | Bought a potion of beneficial mutation for 840 gold pieces
 83245 | Depths:3 | Bought a potion of agility for 96 gold pieces
 83245 | Depths:3 | Bought a potion of heal wounds for 120 gold pieces
 83250 | Depths:3 | Bought a potion of beneficial mutation for 770 gold pieces
 83250 | Depths:3 | Bought a potion of cure mutation for 550 gold pieces
 83416 | D:15     | Lost mutation: You are frail (-10% HP). [potion of cure mutation]
 83416 | D:15     | Lost mutation: Your body sometimes deteriorates upon taking damage. [potion of cure mutation]
 83417 | D:15     | Gained mutation: You are resistant to hostile enchantments. [potion of beneficial mutation]
 83418 | D:15     | Gained mutation: You evolve. [potion of beneficial mutation]
 83681 | D:10     | You paid a toll of 9 potions of agility to enter a treasure trove
 83682 | Trove    | Entered a treasure trove
 83710 | Trove    | Got an iridescent dagger
 83711 | Trove    | Identified the cursed +0 dagger of the Eternal Warrior {freeze, Int+3} (You found it in a treasure trove)
 84047 | Vaults:2 | Killed Jory
 84494 | Vaults:3 | Gained mutation: You are frail (-10% HP). [evolution]
 85778 | Vaults:3 | Killed Sojobo
 85778 | Vaults:3 | Reached XP level 23. HP: 85/103 MP: 50/50
 85895 | Vaults:5 | Reached skill level 26 in Stealth
 89578 | Vaults:5 | Mangled by a vault guard

Skill      XL: |  1  2  3  4  5  6  7  8  9 10 11 12 13 14 15 16 17 18 19 20 21 22 23 |
---------------+----------------------------------------------------------------------+-----
Spellcasting   | 3 4 5 6 7 8 9 10 11 12 14 16 18 20 22 23 | 23.5
Stealth        | 5 6 7 8 9 10 12 13 14 16 17 19 20 21 22 23 24 25 26 | 26.3
Hexes          | 5 8 11 12 13 14 15 16 17 19 20 | 20.0
Ice Magic      | 2 3 5 |  5.0
Short Blades   | 4 5 7 8 |  8.3
Dodging        | 8 11 13 15 16 17 21 22 | 22.5
Fighting       | 3 4 5 7 8 9 10 | 10.0
Charms         | 5 10 14 15 | 15.0
Evocations     | 1 5 9 10 | 10.0
Translocations | 5 10 12 14 | 14.9
Shields        | 7 |  7.2

Action                   |  1- 3 |  4- 6 |  7- 9 | 10-12 | 13-15 | 16-18 | 19-21 | 22-24 || total
-------------------------+-------+-------+-------+-------+-------+-------+-------+-------++-------
Melee: Dagger            |   124 |   227 |   478 |   725 |  1133 |  1187 |  1212 |   319 ||  5405
       Quick blade       |       |       |       |       |       |       |       |   428 ||   428
 Cast: Ensorcelled Hiber |     4 |    22 |    81 |   220 |   475 |   684 |   474 |   162 ||  2122
       Confuse           |       |    18 |    43 |    48 |   143 |   327 |   195 |   182 ||   956
       Dazzling Spray    |       |       |     8 |    26 |    44 |    62 |   328 |   128 ||   596
       Confusing Touch   |       |       |       |     3 |     1 |       |       |       ||     4
       Gell's Gravitas   |       |       |       |       |     4 |     7 |    13 |     2 ||    26
       Deflect Missiles  |       |       |       |       |     2 |     2 |    11 |     1 ||    16
       Blink             |       |       |       |       |       |     5 |       |     4 ||     9
       Tukima's Dance    |       |       |       |       |       |    29 |   111 |     6 ||   146
       Apportation       |       |       |       |       |       |     1 |       |     1 ||     2
       Warp Weapon       |       |       |       |       |       |     1 |       |     2 ||     3
       Darkness          |       |       |       |       |       |       |    12 |     6 ||    18
       Invisibility      |       |       |       |       |       |       |     8 |     2 ||    10
       Discord           |       |       |       |       |       |       |     1 |       ||     1
Invok: Call Merchant     |       |       |       |     1 |     1 |     4 |     3 |       ||     9
 Abil: Evoke Invisibilit |       |       |       |       |       |     2 |       |       ||     2
Evoke: Rod               |       |       |     1 |       |       |       |       |     1 ||     2
       Wand              |       |       |       |       |     4 |    19 |     9 |    18 ||    50
       Fan of gales      |       |       |       |       |       |     2 |     2 |     1 ||     5
       Lamp of fire      |       |       |       |       |       |     1 |     5 |     1 ||     7
       Phial of floods   |       |       |       |       |       |     1 |       |     2 ||     3
       Box of beasts     |       |       |       |       |       |       |     1 |     5 ||     6
       Phantom mirror    |       |       |       |       |       |       |     1 |       ||     1
  Use: Scroll            |     1 |     5 |    14 |    12 |    12 |    15 |    12 |    14 ||    85
       Potion            |       |     1 |       |     2 |       |     5 |     9 |    11 ||    28
 Stab: Sleeping          |    13 |    22 |    64 |   181 |   376 |   373 |   273 |    95 ||  1397
       Distracted        |     2 |     1 |     3 |     6 |     9 |    11 |    16 |    13 ||    61
       Confused          |       |     3 |    29 |    36 |    83 |   145 |   111 |   124 ||   531
       Invisible         |       |       |     2 |     7 |     4 |     8 |    58 |    17 ||    96
       Held in net/web   |       |       |       |       |       |     1 |       |       ||     1
  Eat: Pizza             |       |     2 |       |     1 |     1 |     1 |       |       ||     5
       Bread ration      |       |       |     1 |     1 |       |     2 |     3 |     1 ||     8
       Royal jelly       |       |       |       |     1 |     7 |     1 |       |     1 ||    10
       Fruit             |       |       |       |       |     9 |     5 |     3 |     4 ||    21
Armor: Robe              |    18 |    38 |   102 |    63 |    69 |   147 |    65 |    45 ||   547
Dodge: Dodged            |   103 |   136 |   310 |   530 |   980 |  1511 |   930 |   552 ||  5052
       Deflected         |       |       |       |       |     5 |    24 |    47 |    18 ||    94
Block: Buckler           |       |       |       |       |       |   258 |   429 |   250 ||   937
